 Dungeon Crawl Stone Soup version 0.20-a0-1058-g0491fde (webtiles) character file.

444 MydosGodOfBeginnings the Cudgeler (level 6, -5/47 HPs)
             Began as a Mummy Fighter on Apr 26, 2017.
             Slain by an ogre
             ... wielding a +0 giant club
              (30 damage)
             ... on level 4 of the Dungeon.
             The game lasted 00:12:20 (3983 turns).

MydosGodOfBeginnings the Cudgeler (Mummy Fighter)   Turns: 3983, Time: 00:12:20

Health: -5/47      AC:  7    Str: 25    XL:     6   Next: 72%
Magic:  6/6        EV:  8    Int: 11    God:
Gold:   138        SH:  9    Dex: 16    Spells: 5/5 levels left

rFire    . . .     SeeInvis .   a - +0 flail
rCold    . . .     Gourm    .   c - +0 shield
rNeg     + + +     Faith    +   o - +4 robe of Augmentation {Str+4 Int+4 Dex+4}
rPois    ∞         Spirit   .   (no helmet)
rElec    .         Reflect  .   r - +0 cloak
rCorr    .         Harm     .   (no gloves)
MR       .....                  (no boots)
Stlth    +.........             n - amulet of faith
Regen    0.2/turn               j - ring of poison resistance
MPRegen  0.1/turn               i - ring of fire

@: no status effects
A: no food or potions, fire vulnerability, cold resistance 1, negative energy
resistance 3, torment resistance, unbreathing
a: no special abilities


You were on level 4 of the Dungeon.
You were not hungry.

You visited 1 branch of the dungeon, and saw 4 of its levels.
You also visited: Sewer.

You collected 138 gold pieces.

Inventory:

Hand Weapons
 a - a +0 flail (weapon)
Armour
 b - a +0 scale mail
 c - a +0 shield (worn)
 o - the +4 robe of Augmentation (worn) {Str+4 Int+4 Dex+4}
   (You found it in a sewer)

   It affects your strength (+4).
   It affects your intelligence (+4).
   It affects your dexterity (+4).
 r - a +0 cloak (worn)
Jewellery
 g - an uncursed ring of ice
 i - a ring of fire (right hand)
 j - a ring of poison resistance (left hand)
 n - an amulet of faith (around neck)
Wands
 k - a wand of random effects (27/48)
 p - a wand of confusion (27/48)
 q - a wand of lightning (6/15)
Scrolls
 d - a scroll of enchant armour {unknown}
 e - a scroll of identify
 f - a scroll of blinking {unknown}
 h - a scroll of remove curse {unknown}
 l - a scroll of immolation {unknown}
 m - 5 scrolls of teleportation


   Skills:
 - Level 3.0 Fighting
 + Level 6.0 Maces & Flails
 - Level 2.4 Armour
 - Level 2.4 Shields
 + Level 0.1 Evocations


You had 5 spell levels left.
You didn't know any spells.

Dungeon Overview and Level Annotations

Branches:
Dungeon (4/15)
 Temple: D:4-7

Altars:
Ashenzari
Xom
The Shining One


Innate Abilities, Weirdness & Mutations

You do not eat or drink.
Your flesh is vulnerable to fire.
You are immune to poison.
Your flesh is cold resistant. (rC+)
You are immune to negative energy. (rN+++)
You are immune to unholy pain and torment.
You can survive without breathing.


Message History

Aim: an ogre, wielding a giant club (chance to defeat MR: 46%)
The ogre appears confused.
This wand has 27 charges left.
You hit the ogre.
The ogre is lightly wounded.
You hit the ogre.
The ogre is moderately wounded.
The ogre yells, "Get them off me!"
The ogre hits you with a giant club.
You hit the ogre.
The ogre is heavily wounded.
The ogre hits you with a giant club!
Your shield prevents you from hitting the ogre.
The ogre is heavily wounded.
You barely miss the ogre.
The ogre is heavily wounded.
You thump the ogre!
The ogre is almost dead.
The ogre seems less confused.
The ogre hits you with a giant club!!
Ouch! That really hurt!
You die...

######
######...O#####.#
.........@....(.#
#............###
#.##...#####...#
#.#..#......##.#
#.#....####.# .
#.#.#.## #.#.#.#
#...#.# #.###.#


You could see an ogre.

Vanquished Creatures
  A sky beast (D:4)
  Crazy Yiuf (D:3)
  Natasha (thrice) (D:2)
  A merfolk avatar (Sewer)
  A merfolk siren (Sewer)
  9 adders
  2 river rats
  2 worms
  A dart slug (D:2)
  2 leopard geckos
  4 orcs
  6 ball pythons
  6 giant cockroaches
  8 goblins
  11 hobgoblins
  A quokka (D:3)
  9 bats
  10 frilled lizards
  3 kobolds
  32 rats
113 creatures vanquished.

Notes
Turn   | Place    | Note
-------+----------+-------------------------------------------
     0 | D:1      | MydosGodOfBeginnings the Mummy Fighter began the quest for the Orb.
     0 | D:1      | Reached XP level 1. HP: 18/18 MP: 1/1
   148 | D:1      | Reached skill level 2 in Maces & Flails
   187 | D:1      | Reached XP level 2. HP: 16/24 MP: 2/2
   997 | D:2      | Found a shattered altar of Ashenzari.
  1015 | D:2      | Noticed Natasha
  1018 | D:2      | Noticed a crimson imp
  1028 | D:2      | Killed Natasha
  1028 | D:2      | Reached skill level 3 in Maces & Flails
  1028 | D:2      | Reached XP level 3. HP: 21/29 MP: 3/3
  1089 | D:2      | Noticed Natasha
  1106 | D:2      | Killed Natasha
  1106 | D:2      | Reached XP level 4. HP: 23/35 MP: 4/4
  1238 | D:2      | Found a shimmering altar of Xom.
  1240 | D:2      | Noticed Natasha
  1266 | D:2      | HP: 1/35 [Natasha (7)]
  1268 | D:2      | Killed Natasha
  1461 | D:2      | Reached skill level 4 in Maces & Flails
  1916 | D:2      | Reached XP level 5. HP: 40/41 MP: 5/5
  2613 | D:3      | Found a glowing drain.
  2652 | Sewer    | Entered a sewer
  2884 | Sewer    | Reached skill level 5 in Maces & Flails
  3122 | Sewer    | Reached XP level 6. HP: 47/47 MP: 6/6
  3447 | D:3      | Found a glowing golden altar of the Shining One.
  3725 | D:3      | Found a runed door.
  3729 | D:3      | Noticed Crazy Yiuf
  3737 | D:3      | Killed Crazy Yiuf
  3797 | D:4      | Noticed a sky beast
  3809 | D:4      | Killed a sky beast
  3809 | D:4      | Reached skill level 6 in Maces & Flails
  3983 | D:4      | Slain by an ogre

Vault maps used:
D:1:      eino_arrival_cavern_b
D:2:      xom_butterflies, lemuel_crystal_altar, uniq_natasha
D:3:      tso_metal_star, portal_sewer_entry_b, uniq_crazy_yiuf_cottage
D:4:      minmay_diamond_boxcup, nicolae_gozag_cash_rules_everything_around_me,
          serial_shops, nicolae_shop_crystal, minmay_statues_item,
          goddamned_bats
Sewer:    sewer_sea

Skill      XL: |  1  2  3  4  5  6 |
---------------+-------------------+-----
Maces & Flails | 2 3 4 5 6 |  6.0
Fighting       | |  3.0
Armour         | |  2.4
Shields        | |  2.4
Evocations     | |  0.1

Action                   |  1- 3 |  4- 6 || total
-------------------------+-------+-------++-------
Melee: Flail             |   105 |   347 ||   452
Evoke: Wand              |       |     4 ||     4
  Use: Scroll            |       |     1 ||     1
 Stab: Confused          |       |     1 ||     1
Armor: Scale mail        |    43 |   129 ||   172
       Robe              |       |    14 ||    14
Dodge: Dodged            |    32 |    89 ||   121
Block: Shield            |    63 |   159 ||   222
